 Dungeon Crawl Stone Soup version 0.20.0-15-g7f486f2 (webtiles) character file.

403 greprep the Shield-Bearer (level 6, -3/53 HPs)
             Began as a Minotaur Fighter on June 23, 2017.
             Slain by a sky beast (5 damage)
             ... on level 5 of the Dungeon.
             The game lasted 00:04:22 (3321 turns).

greprep the Shield-Bearer (Minotaur Fighter)        Turns: 3321, Time: 00:04:23

Health: -3/53      AC:  8    Str: 28    XL:     6   Next: 55%
Magic:  5/5        EV:  9    Int:  5    God:
Gold:   172        SH: 10    Dex:  9    Spells: 5/5 levels left

rFire    . . .     SeeInvis .   u - +0 morningstar
rCold    . . .     Gourm    .   c - +0 shield
rNeg     . . .     Faith    .   b - +0 scale mail
rPois    .         Spirit   .   (helmet restricted)
rElec    .         Reflect  .   x - +0 cloak
rCorr    .         Harm     .   (no gloves)
MR       .....                  (no boots)
Stlth    ..........             (no amulet)
Regen    0.2/turn               (no ring)
MPRegen  0.1/turn               (no ring)

@: mighty, marked
A: retaliatory headbutt, horns 2
a: no special abilities


You were on level 5 of the Dungeon.
You were not hungry.

You visited 1 branch of the dungeon, and saw 5 of its levels.

You collected 172 gold pieces.

Inventory:

Hand Weapons
 u - a +0 morningstar (weapon)
Armour
 b - a +0 scale mail (worn)
 c - a +0 shield (worn)
 x - a +0 cloak (worn)
Jewellery
 s - a +3 ring of intelligence {unknown}
Wands
 a - a wand of digging (3/24)
 y - a wand of acid (9/15)
Scrolls
 g - 5 scrolls of identify {unknown}
 h - 3 scrolls of random uselessness {unknown}
 i - 2 scrolls of fear {unknown}
 k - 2 scrolls of recharging {unknown}
 l - 5 scrolls of teleportation {unknown}
 n - 4 scrolls of remove curse {unknown}
 o - 2 scrolls of enchant armour {unknown}
 r - 2 scrolls of enchant weapon {unknown}
 t - a scroll of noise {unknown}
Potions
 e - 3 potions of curing {unknown}
 p - 2 potions of haste {unknown}
 v - 2 potions of experience {unknown}
 w - 3 potions of resistance {unknown}
 z - a potion of mutation {unknown}
 A - a potion of invisibility {unknown}
 B - a potion of ambrosia {unknown}
 C - a potion of cancellation {unknown}
 D - a potion of degeneration {unknown}
Comestibles
 f - 3 bread rations
 j - 2 fruits
 m - a royal jelly
 q - a meat ration


   Skills:
 + Level 4.6 Fighting
 + Level 5.2 Maces & Flails
 + Level 5.0 Armour
 + Level 1.6 Dodging
 + Level 5.7 Shields


You had 5 spell levels left.
You didn't know any spells.

Dungeon Overview and Level Annotations

Branches:
Dungeon (5/15)
 Temple: D:4-7

Altars:
Elyvilon


Innate Abilities, Weirdness & Mutations

You reflexively headbutt those who attack you in melee.
You have a pair of horns on your head.


Message History

The sky beast hits you. The sky beast shocks you.
* * * LOW HITPOINT WARNING * * *
You block the sky beast's attack.
You barely miss the sky beast.
The sky beast flickers out of sight!
Deactivating autopickup; reactivate with Ctrl-A.
Something hits you but does no damage.
You completely miss something. You headbutt something!
Something hits you but does no damage.
Your shield and scale mail prevent you from hitting something.
Your headbutt misses something. Something hits you but does no damage.
You miss something. Your headbutt misses something. Something hits you.
* * * LOW HITPOINT WARNING * * *
Something shocks you.
* * * LOW HITPOINT WARNING * * *
A sky beast appears from thin air!
Reactivating autopickup.
The sky beast hits you.
* * * LOW HITPOINT WARNING * * *
The sky beast shocks you.
You die...

... ..# # ##[#.# .# .###
##..#.# ##.#
.....#######Z.##<##...#
#....≈..>..#).....#
#>.#.o.#####....|.#
.......#5#####......##
##.#####YY@.[#....≈≈≈≈≈)
########......≈###≈.#
.........#....§# .#
##########....§# #
####.§≈. (.##.. .## ##


You could see 2 sky beasts, a shadow imp and an orc.

Vanquished Creatures
  A phantom (D:4)
  Jessica (D:3)
  Terence (D:2)
  Natasha (thrice) (D:2)
  An iguana (D:4)
  A worker ant (D:4)
  A hound skeleton (D:5)
  3 adders
  An ooze (D:1)
  A worm (D:2)
  3 dart slugs (D:2)
  5 leopard geckos
  2 orcs (D:4)
  6 bats
  6 giant cockroaches
  7 goblins
  9 hobgoblins
  17 jackals
  3 kobolds
  3 quokkas
  A ball python (D:3)
  A frilled lizard (D:2)
  A quokka skeleton (D:4)
  A quokka zombie (D:5)
  3 rats
82 creatures vanquished.

Notes
Turn   | Place    | Note
-------+----------+-------------------------------------------
     0 | D:1      | greprep the Minotaur Fighter began the quest for the Orb.
     0 | D:1      | Reached XP level 1. HP: 19/19 MP: 0/0
   160 | D:1      | Reached XP level 2. HP: 27/27 MP: 1/1
   361 | D:1      | Reached XP level 3. HP: 33/33 MP: 2/2
  1038 | D:2      | Noticed Terence
  1046 | D:2      | Killed Terence
  1046 | D:2      | Reached XP level 4. HP: 33/40 MP: 3/3
  1109 | D:2      | Noticed Natasha
  1116 | D:2      | Killed Natasha
  1205 | D:2      | Noticed Natasha
  1209 | D:2      | Killed Natasha
  1240 | D:2      | Reached skill level 1 in Dodging
  1240 | D:2      | Reached XP level 5. HP: 45/46 MP: 4/4
  1303 | D:2      | Noticed Natasha
  1305 | D:2      | Killed Natasha
  1599 | D:3      | Noticed Jessica
  1608 | D:3      | Killed Jessica
  1610 | D:3      | Reached skill level 5 in Shields
  1956 | D:4      | Found a white marble altar of Elyvilon.
  2118 | D:4      | Noticed a phantom
  2137 | D:4      | Killed a phantom
  2137 | D:4      | Reached skill level 5 in Maces & Flails
  2137 | D:4      | Reached XP level 6. HP: 37/53 MP: 5/5
  2523 | D:4      | Reached skill level 5 in Armour
  3279 | D:5      | Entered Level 5 of the Dungeon
  3305 | D:5      | Noticed a sky beast
  3312 | D:5      | Noticed a sky beast
  3321 | D:5      | HP: 2/53 [sky beast (2)]
  3321 | D:5      | Slain by a sky beast

Skill      XL: |  1  2  3  4  5  6 |
---------------+-------------------+-----
Shields        | 4 5 |  5.7
Armour         | 4 5 |  5.0
Maces & Flails | 3 4 5 |  5.2
Fighting       | 4 |  4.6
Dodging        | 1 |  1.6

Action                   |  1- 3 |  4- 6 || total
-------------------------+-------+-------++-------
Melee: Flail             |    86 |       ||    86
       Headbutt          |    16 |    19 ||    35
       Morningstar       |       |   154 ||   154
  Use: Potion            |       |     1 ||     1
  Eat: Chunk             |       |     8 ||     8
Armor: Scale mail        |    30 |    80 ||   110
Dodge: Dodged            |    24 |    63 ||    87
Block: Shield            |    47 |   101 ||   148
